cohdb
Replays
Latest Replays
All Replays
Popular Replays
Top Player Replays
Match Explorer
How It Works
Community
CoH3 Stats
Reddit
Sign in to upload your games and track your stats! →
Sign in with Steam
Match 43011814
Unlisted
Match 43011814
Overview
Messages
Build Orders
End
Construct Barracks
Selects Armored Battlegroup
Selects Veteran Crews
Riflemen Squad
M1 Mortar Team
Riflemen Squad
Grenade Package
M1 Mortar Team
Riflemen Squad
Construct Medical Station
Air Support Center
Grasshopper Recon Run
Selects Strength in Steel
Riflemen Squad
P-47 Strafing Run
P-47 Dive Bomb
Construct Motor Pool
Grasshopper Recon Run
Selects M31 Recovery Vehicle
P-47 Strafing Run
M24 Chaffee Light Tank
Grasshopper Recon Run
P-47 Strafing Run
M24 Chaffee Light Tank
P-47 Strafing Run
Grasshopper Recon Run
Engineer Squad
Selects War Machine
Selects M8 Scott SPG
Selects UNKNOWN (2160077)
M1918 Browning Automatic Rifles
Grasshopper Recon Run
M31 Recovery Vehicle
P-47 Strafing Run
P-47 Dive Bomb
Selects War Machine
Riflemen Squad
P-47 Strafing Run
Grasshopper Recon Run
Construct Weapon Support Center
Grasshopper Recon Run
.30 cal Machine Gun
Bazooka Squad
Bazooka Squad
Grasshopper Recon Run
gUi
☩Maxwell☩
Take the beer and watch my game
SirPakl
R2Sam
흰수염고래
YEPCLOCK
2 uși
0
0
Comments
sign in to comment!
No comments posted yet!